 Dungeon Sprint DCSS version 0.28-a0-1524-ge72afd5fc6 (webtiles) character file.

Game seed: 5974065891172684554

21 mhtbhm the Skirmisher (level 2, 0/29 HPs)
             Began as a Minotaur Fighter on Jan 17, 2022.
             Slain by a wolf (8 damage)
             ... in the Dungeon (Sprint III: "The Ten Rune Challenge").
             The game lasted 00:00:14 (335 turns).

mhtbhm the Skirmisher (Minotaur Fighter)             Turns: 335, Time: 00:00:14

Health: 0/29       AC:  7    Str: 20    XL:     2   Next: 65%
Magic:  1/1        EV:  9    Int:  5    God:
Gold:   14         SH:  4    Dex:  9    Spells: 1/1 levels left

rFire   . . .      SeeInvis .   a - +0 war axe
rCold   . . .      Faith    .   c - +0 buckler
rNeg    . . .      Spirit   .   b - +0 scale mail
rPois   .          Reflect  .   (helmet restricted)
rElec   .          Harm     .   (no cloak)
rCorr   .          Rampage  .   (no gloves)
Will    .....      NoTele   +   (no boots)
Stlth   ..........              (no amulet)
HPRegen 0.09/turn               (no ring)
MPRegen 0.07/turn               (no ring)

@: no status effects
A: horns 2, retaliatory headbutt
a: no special abilities


You were in the Dungeon.
You visited 1 branch You collected 14 gold pieces.

Inventory:

Hand Weapons
 a - a +0 war axe (weapon)
Armour
 b - a +0 scale mail (worn)
 c - a +0 buckler (worn)
Scrolls
 j - a scroll of blinking
Potions
 d - a potion of might
 e - a potion of curing
 f - a potion of heal wounds
 g - a potion of haste
 h - 2 potions of magic
 i - a potion of berserk rage


   Skills:
 + Level 5.1 Fighting
 + Level 3.2 Axes
 + Level 5.0 Armour
 + Level 4.9 Shields


You had one spell level left.
You didn't know any spells.
Your spell library was empty.

Dungeon Overview and Level Annotations

Branches:
Dungeon (1/1)

Altars:


Innate Abilities, Weirdness & Mutations

You have a pair of horns on your head.
You reflexively headbutt those who attack you in melee.


Message History

You are too injured to fight recklessly!
You are too injured to fight recklessly!
You are too injured to fight recklessly!
You completely miss the human. You headbutt the human.
You kill the human!
Your Fighting skill increases to level 5!
Your Axes skill increases to level 3!
Your Armour skill increases to level 5!
You have reached level 2!
Unknown command.
You start resting.
HP restored.
A wolf comes into view.
The wolf howls!
The wolf barely misses you.
You closely miss the wolf. Your headbutt misses the wolf.
You block the wolf's attack. The wolf barely misses you. The wolf bites you!
You barely miss the wolf.
The wolf bites you but does no damage. x2
You closely miss the wolf. The wolf barely misses you.
You block the wolf's attack.
You miss the wolf. You block the wolf's attack. The wolf barely misses you.
The wolf bites you.
You barely miss the wolf. The wolf bites you but does no damage.
The wolf bites you.
You are too injured to fight recklessly!
You are too injured to fight recklessly!
You are too injured to fight recklessly!
You are too injured to fight recklessly!
You are too injured to fight recklessly!
You are too injured to fight recklessly!
You are too injured to fight recklessly!
You are too injured to fight recklessly!
You are too injured to fight recklessly!
You are too injured to fight recklessly!
You are too injured to fight recklessly!
You are too injured to fight recklessly!
You barely miss the wolf. The wolf bites you.
* * * LOW HITPOINT WARNING * * *
The wolf barely misses you.
You barely miss the wolf. Your headbutt misses the wolf. The wolf bites you!
You die...

▓▓▓▓ ▓▓▓▓▓ ▓<.#
+...♣♣ ▓..# #....♣
▓#'####....♣♣
▓.†...#....≈♣ .#
▓.....#...≈≈♣♣ ♣.#
▓.....#h.≈≈≈≈♣♣♣..+
▓####'#@.≈≈≈≈≈≈...#
▓....†#.≈≈≈≈≈≈....#
▓.....#.≈≈≈≈≈.....#
▓.....#.≈≈≈.......#
▓'#####...........#
▓.................#
▓▓▓▓▓▓▓▓▓▓▓▓▓▓▓▓▓▓▓


You could see a wolf.

Vanquished Creatures
  A human (D)
  An endoplasm (D)
  3 rats (D)
5 creatures vanquished.

Notes
Turn   | Place    | Note
-------+----------+-------------------------------------------
     0 | D        | mhtbhm the Minotaur Fighter began the quest for the Orb.
     0 | D        | Reached XP level 1. HP: 19/19 MP: 0/0
   102 | D        | Reached skill level 5 in Fighting
   102 | D        | Reached skill level 5 in Armour
   102 | D        | Reached XP level 2. HP: 9/29 MP: 1/1
   335 | D        | Slain by a wolf

Illustrated notes

Levels and vault maps discovered:
D:        dungeon_sprint_mu [sprint_mu_entry_forest, sprint_mu_temple_rooms,
          sprint_mu_d1_spiders, sprint_mu_d2_genie, sprint_mu_d3_branching,
          sprint_mu_orc_legion, sprint_mu_elf_gauntlet, sprint_mu_hive_nellie,
          sprint_mu_lair_fedhas, sprint_mu_vaults_butterflies,
          sprint_mu_slime_circle, sprint_mu_swamp_cave, sprint_mu_snake_twists,
          sprint_mu_blade_basic, sprint_mu_crypt_lich, sprint_mu_tomb_spiral,
          sprint_mu_vestibule_basic, sprint_mu_gehenna_hellfire,
          sprint_mu_dis_giant, sprint_mu_tartarus_statrot,
          sprint_mu_cocytus_islands, sprint_mu_zot1]

Skill      XL: |  1 |
---------------+----+-----
Fighting       | 5 |  5.1
Armour         | 5 |  5.0
Shields        | 4 |  4.9
Axes           | 3 |  3.2

Action                   || total
-------------------------++-------
Melee: War axe           ||    20
       Headbutt          ||     3
Armor: Scale mail        ||     7
Dodge: Dodged            ||    12
Block: Buckler           ||     3

Table legend: (Time is in decaauts)
 A = Elapsed time spent in this place.
 B = Non-inter-level travel time spent in this place.
 C = Inter-level travel time spent in this place.
 D = Time resting spent in this place.
 E = Time spent auto-exploring this place.
 F = Levels seen in this place.
 G = Mean time per level.
                   A        B        C        D        E       F      G
               +--------+--------+--------+--------+--------+-----+--------+
         Total |    342 |    342 |      0 |    273 |      0 |   1 |  342.0 |
       Dungeon |    342 |    342 |      0 |    273 |      0 |   1 |  342.0 |
               +--------+--------+--------+--------+--------+-----+--------+

Top non-repeatable levels by time:
       D: 342 daAuts
